[Event "DEN-chT XtraCon 2018-19"]
[Site "Denmark"]
[Date "2018.11.18"]
[Round "3"]
[White "Borge, Nikolaj"]
[Black "Borovnica, Tihomir"]
[Result "0-1"]
[ECO "C01"]
[WhiteElo "2383"]
[BlackElo "2246"]
[Annotator "NA"]
[PlyCount "86"]
[EventDate "2018.10.27"]
[EventType "team-tourn"]
[EventCountry "DEN"]
[SourceTitle "playchess.com"]
[Source "ChessBase"]
[SourceQuality "1"]
[TimeControl "40/5400+30:1800+30"]

1. e4 e6 2. d4 d5 3. exd5 exd5 4. Nf3 Nf6 5. Bd3 c5 6. O-O {[%emt 0:01:38] C01: French: Exchange Variation} Nc6 (6... c4 7. Re1+ Be7 8. Be2 O-O 9. b3 cxb3 10. axb3 Nc6 11. c3 Re8 12. Nbd2 Bd6 13. Bd3 Bg4 14. Rxe8+ Qxe8 {0-1 (52) Fontaine,R (2563)-Carlsen,M (2834) chess.com INT 2018}) 7. Re1+ Be7 8. dxc5 O-O 9. Be3 Bg4 10. c3 Re8 11. Nbd2 Qc7 12. Qa4 Rad8 13. b4 $146 ({Predecessor:} 13. Bf4 Qc8 14. b4 {0-1 (44) Septien Lopez,V (1883)-Zanoletty Garcia,D (1996) Cambrils 2015}) 13... a6 14. Qc2 g6 15. a4 Ra8 16. h3 Bxf3 17. Nxf3 Bf8 18. Bf1 Bg7 19. Rad1 Ne4 20. Nd4 Ne5 21. Ne2 Nc4 22. Bf4 ({Inferior is} 22. Rxd5 Nxe3 23. fxe3 Be5 $11) 22... Qc6 23. f3 Nf6 24. Nd4 Qc8 25. Nb3 Nh5 26. Bc1 Rxe1 27. Rxe1 Qc7 28. Nd4 Be5 29. g4 Bxd4+ 30. Kh1 Ng3+ 31. Kg2 Nxf1 32. Kxf1 Bg7 33. Qd3 Qg3 34. Qxd5 Qxh3+ $2 35. Kg1 $1 Qg3+ $2 ({Better is} 35... Bxc3 $19 36. Rf1 Qg3+ 37. Kh1 Ne5) 36. Kf1 Qh3+ (36... Ne5 $19 37. Re3 Qh2) 37. Kg1 Qg3+ 38. Kf1 Bxc3 39. Re7 Ne5 40. Bd2 Bxd2 41. Rxe5 Bxb4 42. Re7 Rf8 43. Rxb7 {[%emt 0:03:41] [#]} Bxc5 $1 0-1

[Event "DEN-chT XtraCon 2018-19"]
[Site "Denmark"]
[Date "2018.11.18"]
[Round "3"]
[White "Kristensen, Bjarke Hautop"]
[Black "Jaksland, Tim"]
[Result "1/2-1/2"]
[ECO "A37"]
[WhiteElo "2179"]
[BlackElo "2254"]
[Annotator "NA"]
[PlyCount "59"]
[EventDate "2018.10.27"]
[EventType "team-tourn"]
[EventCountry "DEN"]
[SourceTitle "playchess.com"]
[Source "ChessBase"]
[SourceQuality "1"]
[TimeControl "40/5400+30:1800+30"]

1. c4 c5 2. g3 g6 3. Bg2 Bg7 4. Nc3 Nc6 5. Nf3 d6 6. O-O e5 7. Ne1 Nge7 8. Nc2 O-O 9. Ne3 Be6 {[%emt 0:04:36] A37: Symmetrical English vs ...g6: 4 Bg2 Bg7 5 Nf3} 10. Ned5 Rb8 (10... Qd7 11. d3 Bh3 12. Rb1 Bxg2 13. Kxg2 f5 14. a3 Rac8 15. f3 Rf7 16. b4 Nxd5 17. Nxd5 Ne7 18. Nxe7+ Rxe7 19. Be3 Qe6 20. bxc5 dxc5 {0-1 (72) Lenderman,A (2611)-Le,Q (2737) chess.com INT 2018}) 11. a3 a6 12. b4 b5 13. cxb5 axb5 14. Rb1 Nxd5 15. Nxd5 Ne7 16. Nxe7+ Qxe7 17. d3 Rfc8 $146 18. Be3 Qa7 19. Qc1 Qa4 20. Qb2 ({White should play} 20. Qd2 $1 $15) 20... c4 21. Rfc1 cxd3 22. exd3 Qa6 23. Rxc8+ Rxc8 24. Rc1 Bf5 25. Rc3 Rxc3 $14 26. Qxc3 Qa4 (26... h5 $14) 27. Bf1 Qd1 28. Qc1 Qxc1 29. Bxc1 Bd7 30. Bg2 1/2-1/2

[Event "DEN-chT XtraCon 2018-19"]
[Site "Denmark"]
[Date "2018.11.18"]
[Round "3"]
[White "Ostergaard, Jens"]
[Black "Skaanning-Pedersen, Kim Henrik"]
[Result "1-0"]
[ECO "A40"]
[WhiteElo "2174"]
[BlackElo "2207"]
[Annotator "NA"]
[PlyCount "72"]
[EventDate "2018.10.27"]
[EventType "team-tourn"]
[EventCountry "DEN"]
[SourceTitle "playchess.com"]
[Source "ChessBase"]
[SourceQuality "1"]
[TimeControl "40/5400+30:1800+30"]

1. d4 g6 2. c4 Bg7 3. e4 Nc6 4. Nf3 e5 5. Be3 d6 6. Nc3 Bg4 7. d5 Nd4 8. Be2 Bxf3 9. Bxf3 c5 10. dxc6 {[%emt 0:06:37] A41: 1 d4 d6: Tartakower System and Modern Defence} bxc6 11. O-O Ne7 12. c5 (12. b4 O-O 13. Rb1 Qc7 14. Bxd4 exd4 15. Ne2 c5 16. b5 Bh6 17. Nc1 Bxc1 18. Qxc1 {½-½ (31) Swiercz,D (2645)-Kempinski,R (2615) Poland 2016}) 12... Nxf3+ $146 ({Predecessor:} 12... O-O 13. cxd6 Qxd6 14. b3 Rad8 15. Na4 f5 16. Rc1 Qf6 17. Bxd4 Rxd4 18. Qe2 fxe4 19. Bxe4 {1-0 (62) Arvola,B (2471)-Chatalbashev,B (2543) Helsingor 2018}) 13. Qxf3 d5 14. exd5 cxd5 15. Bg5 d4 16. Bxe7 Kxe7 17. Qb7+ Kf8 18. Ne4 Qc8 $2 (18... Rb8 $16 19. Qxa7 Ra8) 19. Qd5 Rb8 20. Qd6+ Kg8 21. c6 h6 22. Rac1 Rb6 23. Qd5 Kh7 {[%emt 0:09:23] [#]} 24. c7 $1 Qa6 25. Qd7 Qc8 26. Qxf7 Rf8 27. Qe7 Re6 28. Qc5 Rfe8 $18 29. Qxa7 Bf8 30. Qa4 R8e7 31. Qc4 Rb6 32. Rc2 h5 33. Rfc1 Bh6 34. Qc5 Ree6 35. Rd1 Ra6 36. Qd5 Bf8 1-0

[Event "DEN-chT XtraCon 2018-19"]
[Site "Denmark"]
[Date "2018.11.18"]
[Round "3"]
[White "Vesterli, Michael E."]
[Black "Smith, Axel"]
[Result "0-1"]
[ECO "A04"]
[WhiteElo "2158"]
[BlackElo "2492"]
[Annotator "RC"]
[PlyCount "62"]
[EventDate "2018.10.27"]
[EventType "team-tourn"]
[EventCountry "DEN"]
[SourceTitle "playchess.com"]
[Source "ChessBase"]
[SourceQuality "1"]
[TimeControl "40/5400+30:1800+30"]

1. Nf3 c5 2. g3 Nc6 3. Bg2 e5 4. d3 d5 5. O-O Nf6 6. e4 Be7 7. Nc3 d4 8. Ne2 O-O 9. Nh4 g6 10. f4 exf4 11. gxf4 Nh5 12. Nf3 f5 13. c3 fxe4 14. dxe4 d3 15. Qb3+ Kh8 16. Rd1 Bg4 17. Be3 Qd7 18. Qc4 Rad8 19. Bxc5 Bxc5+ 20. Qxc5 Qg7 21. Ned4 Nxf4 22. Nxc6 bxc6 23. Rf1 Nxg2 24. Kxg2 d2 25. Nxd2 Rxd2+ 26. Kg3 Rxf1 27. Rxf1 Be6 28. Rf8+ Bg8 29. Ra8 Qc7+ 30. Kf3 Qf7+ 31. Kg3 Rd3+ 0-1

[Event "DEN-chT XtraCon 2018-19"]
[Site "Denmark"]
[Date "2018.11.18"]
[Round "3"]
[White "Haubro, Sigfred"]
[Black "Percivaldi, Martin"]
[Result "0-1"]
[ECO "A06"]
[WhiteElo "2152"]
[BlackElo "2391"]
[Annotator "ChessBase"]
[PlyCount "70"]
[EventDate "2018.10.27"]
[EventType "team-tourn"]
[EventCountry "DEN"]
[SourceTitle "playchess.com"]
[Source "ChessBase"]
[SourceQuality "1"]
[TimeControl "40/5400+30:1800+30"]

1. Nf3 d5 2. b3 Nf6 3. Bb2 Bf5 4. e3 e6 5. Be2 h6 6. O-O Be7 7. d4 Nbd7 8. Nbd2 O-O 9. Rc1 a5 10. a3 c6 11. c4 Qb8 12. Ne5 Nxe5 13. dxe5 Nd7 14. Nf3 Be4 15. Nd2 Bh7 16. f4 Nc5 17. cxd5 cxd5 18. Nf3 Rc8 19. Nd4 Qa7 20. Nb5 Qb6 21. Bd4 Qd8 22. g4 Ne4 23. f5 Rxc1 24. Qxc1 Rc8 25. Qb2 exf5 26. gxf5 Bh4 27. f6 Qd7 28. a4 Bf2+ 29. Kg2 Qf5 30. Nc3 Qg5+ 31. Kf3 Bh4 32. Nxd5 h5 33. Ne7+ Kf8 34. fxg7+ Qxg7 35. Ng6+ Qxg6 0-1

[Event "DEN-chT XtraCon 2018-19"]
[Site "Denmark"]
[Date "2018.11.18"]
[Round "3"]
[White "Brorsen, Jacob Abildlund"]
[Black "Ahlander, Bjorn"]
[Result "0-1"]
[ECO "B40"]
[WhiteElo "2147"]
[BlackElo "2409"]
[Annotator "ChessBase"]
[PlyCount "78"]
[EventDate "2018.10.27"]
[EventType "team-tourn"]
[EventCountry "DEN"]
[SourceTitle "playchess.com"]
[Source "ChessBase"]
[SourceQuality "1"]
[TimeControl "40/5400+30:1800+30"]

1. e4 c5 2. Nf3 e6 3. g3 Nc6 4. Bg2 Nf6 5. Nc3 d6 6. d4 cxd4 7. Nxd4 Bd7 8. O-O Be7 9. b3 O-O 10. Bb2 a6 11. Nce2 Nxd4 12. Nxd4 Rc8 13. c4 b5 14. cxb5 axb5 15. Qd2 Qb6 16. Rfe1 Rfd8 17. Rac1 g6 18. Nc2 Bc6 19. Nb4 Ba8 20. a3 Rxc1 21. Qxc1 Ng4 22. Qf4 h5 23. Nd3 e5 24. Qf3 f5 25. Qe2 Rf8 26. Rf1 Qb7 27. Re1 Nf6 28. Qe3 Kh7 29. h3 Nxe4 30. Bc1 Rf6 31. f4 Bf8 32. fxe5 dxe5 33. b4 Qc7 34. Kh2 h4 35. Bxe4 fxe4 36. Nc5 Rf3 37. Qg5 hxg3+ 38. Kg2 Qf7 39. Be3 Qa2+ 0-1

[Event "DEN-chT XtraCon 2018-19"]
[Site "Denmark"]
[Date "2018.11.18"]
[Round "3"]
[White "Svenninggaard, Thomas"]
[Black "Sorensen, Ivan"]
[Result "1/2-1/2"]
[ECO "C01"]
[WhiteElo "2122"]
[BlackElo "2062"]
[Annotator "NA"]
[PlyCount "39"]
[EventDate "2018.10.27"]
[EventType "team-tourn"]
[EventCountry "DEN"]
[SourceTitle "playchess.com"]
[Source "ChessBase"]
[SourceQuality "1"]
[TimeControl "40/5400+30:1800+30"]

1. e4 e6 2. d4 d5 3. exd5 exd5 4. Bd3 Bd6 5. c3 Ne7 6. Qc2 Bg4 {[%emt 0:05:34] C01: French: Exchange Variation} 7. Ne2 Qd7 8. Bg5 Bf5 9. Bxe7 $146 ({Predecessor:} 9. Nd2 O-O 10. O-O-O Bxd3 11. Qxd3 Qf5 12. Qe3 Re8 13. Ng3 Qd7 14. Qf3 {0-1 (31) Kocur,A (1922)-Zavesicky,P (2049) Czechia 2010}) 9... Bxd3 10. Qxd3 Qxe7 11. Nd2 c6 12. O-O-O Nd7 13. Ng3 O-O-O 14. Nf5 Qf6 15. Nxd6+ Qxd6 16. Rde1 h6 17. g3 Rde8 18. Re3 Rxe3 19. fxe3 Nf6 20. Qf5+ $11 {[%emt 0:05:53] Qd8} 1/2-1/2

[Event "DEN-chT XtraCon 2018-19"]
[Site "Denmark"]
[Date "2018.11.18"]
[Round "3"]
[White "Firooznia, Farzam"]
[Black "Andersen, Ib Hother"]
[Result "1/2-1/2"]
[ECO "C45"]
[WhiteElo "2094"]
[BlackElo "2161"]
[Annotator "NA"]
[PlyCount "60"]
[EventDate "2018.10.27"]
[EventType "team-tourn"]
[EventCountry "DEN"]
[SourceTitle "playchess.com"]
[Source "ChessBase"]
[SourceQuality "1"]
[TimeControl "40/5400+30:1800+30"]

1. e4 e5 2. d4 exd4 3. Nf3 Nc6 4. Nxd4 Nf6 5. Nxc6 bxc6 6. e5 Qe7 7. Qe2 Nd5 8. c4 Nb6 9. Nc3 Qe6 10. Qe4 g6 {C45: Scotch Game} 11. f4 (11. Bd2 Bg7 12. c5 Nd5 13. Bc4 Qxe5 14. Qxe5+ Bxe5 15. Bxd5 cxd5 16. O-O-O O-O 17. Nxd5 Rb8 18. Bc3 Bxc3 19. Nxc3 {1-0 (49) Yu,Y (2729)-Dominguez Perez,L (2739) Doha 2016}) 11... Bg7 12. Be2 O-O 13. O-O d5 14. exd6 Bxc3 15. Qxe6 Bxe6 16. bxc3 cxd6 17. c5 dxc5 18. Ba3 Na4 $146 19. Rfc1 Rfd8 20. Bd1 Nb6 21. Bxc5 Rd2 22. Bf3 Bd5 23. Rf1 Rd8 $11 24. Bd4 Re8 25. Rae1 Rxe1 26. Rxe1 Kf8 27. Bc5+ Kg7 28. Bd4+ Kf8 29. Bc5+ Kg7 30. Bd4+ Kf8 1/2-1/2

[Event "DEN-chT XtraCon 2018-19"]
[Site "Denmark"]
[Date "2018.12.09"]
[Round "4"]
[White "Brunello, Sabino"]
[Black "Kristensen, Kaare Hove"]
[Result "1-0"]
[ECO "D11"]
[WhiteElo "2532"]
[BlackElo "2305"]
[Annotator "ChessBase"]
[PlyCount "57"]
[EventDate "2018.10.27"]
[EventType "team-tourn"]
[EventCountry "DEN"]
[SourceTitle "playchess.com"]
[Source "ChessBase"]
[SourceQuality "1"]
[TimeControl "40/5400+30:1800+30"]

1. d4 d5 2. c4 c6 3. e3 Nf6 4. Nf3 Bg4 5. h3 Bxf3 6. Qxf3 Nbd7 7. Nc3 e6 8. a3 Bd6 9. g4 dxc4 10. Bxc4 O-O 11. g5 Nd5 12. h4 Qe7 13. e4 N5b6 14. Ba2 e5 15. d5 cxd5 16. Nxd5 Nxd5 17. Bxd5 Nc5 18. g6 Kh8 19. Bg5 Qd7 20. gxf7 Ne6 21. Qf5 Nc5 22. Qxd7 Nxd7 23. Rd1 Nf6 24. Bxf6 gxf6 25. Rg1 h6 26. Ke2 Be7 27. Rg6 Kh7 28. Rdg1 h5 29. Be6 1-0

[Event "DEN-chT XtraCon 2018-19"]
[Site "Denmark"]
[Date "2018.12.09"]
[Round "4"]
[White "Pilgaard, Kim"]
[Black "Borovnica, Tihomir"]
[Result "1-0"]
[ECO "A58"]
[WhiteElo "2407"]
[BlackElo "2270"]
[Annotator "ChessBase"]
[PlyCount "131"]
[EventDate "2018.10.27"]
[EventType "team-tourn"]
[EventCountry "DEN"]
[SourceTitle "playchess.com"]
[Source "ChessBase"]
[SourceQuality "1"]
[TimeControl "40/5400+30:1800+30"]

1. d4 Nf6 2. c4 c5 3. d5 b5 4. cxb5 a6 5. bxa6 g6 6. Nc3 Bxa6 7. g3 d6 8. Bg2 Bg7 9. Nf3 Nbd7 10. Rb1 O-O 11. O-O Qa5 12. Bd2 Rfb8 13. Qc2 Bb7 14. b3 Qa7 15. e4 Ba6 16. Rfd1 Ng4 17. h3 Nge5 18. Nxe5 Nxe5 19. Be3 Qc7 20. f4 Nd7 21. a4 Ra7 22. Na2 Nb6 23. Rdc1 Bc8 24. Kh2 Qd8 25. Qd2 Nd7 26. Nc3 Ba6 27. b4 Bxc3 28. Qxc3 cxb4 29. Rxb4 Rxb4 30. Qxb4 Rb7 31. Qc3 Rb8 32. e5 Rc8 33. Qd4 Nc5 34. Qd2 Nxa4 35. Rxc8 Qxc8 36. exd6 exd6 37. Bd4 Nc5 38. Qe3 Bb5 39. Qe7 Nd7 40. Qxd6 Qc2 41. Kh1 Qb1+ 42. Bg1 Bf1 43. Qxd7 Bxg2+ 44. Kxg2 Qe4+ 45. Kf2 Qd4+ 46. Kf3 Qxg1 47. Qe8+ Kg7 48. Qe5+ Kh6 49. d6 Qf1+ 50. Ke4 Qb1+ 51. Kd5 Qb5+ 52. Kd4 Qb4+ 53. Ke3 Qe1+ 54. Kd3 Qf1+ 55. Kd4 Qxh3 56. Qe7 Qf1 57. Qxf7 Qa1+ 58. Kc5 Qa3+ 59. Kc6 Qa4+ 60. Kb7 Qb4+ 61. Kc7 Qc5+ 62. Kd7 Qa7+ 63. Ke8 Qa8+ 64. Ke7 Qa3 65. g4 Qe3+ 66. Kf8 1-0

[Event "DEN-chT XtraCon 2018-19"]
[Site "Denmark"]
[Date "2018.12.09"]
[Round "4"]
[White "Percivaldi, Martin"]
[Black "Jakobsen, Peter"]
[Result "1-0"]
[ECO "B50"]
[WhiteElo "2393"]
[BlackElo "2186"]
[Annotator "NA"]
[PlyCount "149"]
[EventDate "2018.10.27"]
[EventType "team-tourn"]
[EventCountry "DEN"]
[SourceTitle "playchess.com"]
[Source "ChessBase"]
[SourceQuality "1"]
[TimeControl "40/5400+30:1800+30"]

1. e4 c5 2. Nf3 d6 3. g3 Nc6 4. Bg2 g6 5. O-O Bg7 6. c3 e5 7. a3 Nge7 8. b4 a6 9. d3 O-O 10. Nbd2 h6 11. Bb2 Be6 12. Re1 Rc8 13. Rb1 Qc7 14. d4 cxd4 15. cxd4 exd4 16. Nb3 Bg4 17. Nbxd4 Nxd4 18. Bxd4 Bxd4 19. Qxd4 Bxf3 20. Bxf3 Nc6 21. Qe3 Ne5 22. Be2 Qc3 23. Qxh6 Qxa3 24. Qd2 Rfd8 25. Rec1 Nf3+ 26. Bxf3 Qxf3 27. Qd5 b5 28. h4 Re8 29. Rxc8 Rxc8 30. Qxd6 Qxe4 31. Rd1 Qc6 32. Qe5 Re8 33. Qf4 Qe4 34. Qd6 Qe6 35. Qd4 Rc8 36. Qa1 Qb3 37. Rb1 Qe6 38. Re1 Qc6 39. Qe5 Qc3 40. Qe7 Qc7 41. Qg5 Qc3 42. Qe7 Qc7 43. Qf6 Qc6 44. Qe5 Qc3 45. Qe4 Qc6 46. Qf4 Qc4 47. Qd6 Qc6 48. Qe7 Qc7 49. Qe4 Qc6 50. Qg4 Re8 51. Rxe8+ Qxe8 52. h5 Kg7 53. Qd4+ Kh7 54. hxg6+ fxg6 55. Qa7+ Kh6 56. Qe3+ Qxe3 57. fxe3 a5 58. bxa5 b4 59. a6 b3 60. a7 b2 61. a8=Q b1=Q+ 62. Kh2 Qc2+ 63. Qg2 Qd3 64. Qf3 Qc2+ 65. Kh3 Qd3 66. Qf4+ Kh7 67. Qf3 Kh6 68. g4 Qd7 69. Kg3 Qd3 70. Qf4+ Kh7 71. Qf7+ Kh6 72. g5+ Kh5 73. Qf3+ Kxg5 74. Qf4+ Kh5 75. Qh4# 1-0

[Event "DEN-chT XtraCon 2018-19"]
[Site "Denmark"]
[Date "2018.12.09"]
[Round "4"]
[White "Sorensen, Jan"]
[Black "Matthiesen, Arne"]
[Result "1-0"]
[ECO "B27"]
[WhiteElo "2391"]
[BlackElo "2297"]
[Annotator "NA"]
[PlyCount "91"]
[EventDate "2018.10.27"]
[EventType "team-tourn"]
[EventCountry "DEN"]
[SourceTitle "playchess.com"]
[Source "ChessBase"]
[SourceQuality "1"]
[TimeControl "40/5400+30:1800+30"]

1. e4 c5 2. Nf3 g6 3. Bc4 Bg7 4. c3 e6 5. O-O Ne7 6. d4 cxd4 7. Nxd4 a6 8. Bg5 Qc7 9. Nd2 Nbc6 10. Bb3 O-O 11. N2f3 h6 12. Bh4 b5 13. Qd2 Bb7 14. Rad1 Nxd4 15. Nxd4 Nc6 16. Bg3 Qb6 17. Nc2 Na5 18. Bd6 Rfc8 19. e5 Nc4 20. Bxc4 Rxc4 21. Rfe1 h5 22. Ne3 Rcc8 23. f3 a5 24. a3 Re8 25. Kh1 Rac8 26. Qd3 Qc6 27. Qd4 Bh6 28. Qh4 Bg7 29. Rd4 Qb6 30. Qg5 Qd8 31. Qf4 g5 32. Qg3 f5 33. exf6 Qxf6 34. f4 Qg6 35. Rdd1 g4 36. h3 Be4 37. hxg4 hxg4 38. Qxg4 Qh6+ 39. Kg1 Kh8 40. Kf2 Qg6 41. Rh1+ Kg8 42. Rh5 Qxg4 43. Nxg4 b4 44. axb4 axb4 45. Be5 Bxe5 46. fxe5 1-0

[Event "DEN-chT XtraCon 2018-19"]
[Site "Denmark"]
[Date "2018.12.09"]
[Round "4"]
[White "Bromann, Thorbjorn"]
[Black "Skaanning-Pedersen, Kim Henrik"]
[Result "1-0"]
[ECO "B07"]
[WhiteElo "2387"]
[BlackElo "2207"]
[Annotator "NA"]
[PlyCount "41"]
[EventDate "2018.10.27"]
[EventType "team-tourn"]
[EventCountry "DEN"]
[SourceTitle "playchess.com"]
[Source "ChessBase"]
[SourceQuality "1"]
[TimeControl "40/5400+30:1800+30"]

1. d4 Nf6 2. Nc3 g6 3. e4 d6 4. Bg5 Bg7 5. f4 c6 6. Nf3 b5 7. Bd3 O-O 8. O-O Qb6 9. e5 b4 10. Na4 Qa5 11. c4 bxc3 12. exf6 exf6 13. Bh4 cxb2 14. Nxb2 Be6 15. Nc4 Qc7 16. f5 Bd5 17. Ne3 Bxf3 18. Qxf3 Nd7 19. Rfc1 Rac8 20. Nd5 Qd8 21. Ba6 1-0

[Event "DEN-chT XtraCon 2018-19"]
[Site "Denmark"]
[Date "2018.12.09"]
[Round "4"]
[White "Aabling-Thomsen, Jakob"]
[Black "Rodgaard, John"]
[Result "0-1"]
[ECO "C00"]
[WhiteElo "2380"]
[BlackElo "2285"]
[Annotator "NA"]
[PlyCount "94"]
[EventDate "2018.10.27"]
[EventType "team-tourn"]
[EventCountry "DEN"]
[SourceTitle "playchess.com"]
[Source "ChessBase"]
[SourceQuality "1"]
[TimeControl "40/5400+30:1800+30"]

1. e4 e6 2. d3 d5 3. Qe2 Nf6 4. Nf3 c5 5. g3 Nc6 6. Bg2 Be7 7. O-O b5 8. e5 Nd7 9. c4 bxc4 10. dxc4 Nb6 11. b3 a5 12. Nc3 a4 13. Bb2 Ba6 14. Rfd1 Qc8 15. Nd2 O-O 16. Nxa4 Nxa4 17. bxa4 Na5 18. Rac1 Ra7 19. Qg4 Nxc4 20. Bc3 Rd8 21. Nf3 Bb7 22. a5 d4 23. Be1 Bd5 24. Qh5 h6 25. Bd2 Nxd2 26. Rxd2 Bxf3 27. Qxf3 Bg5 28. Qd1 Bxd2 29. Qxd2 c4 30. Qb4 c3 31. Bf1 Qc7 32. a6 Qxe5 33. Bd3 Qd6 34. Qa4 Rb8 35. Re1 Qb4 36. Qc6 c2 37. Qe4 Qxe1+ 38. Qxe1 Rb1 39. Qxb1 cxb1=Q+ 40. Bxb1 Rxa6 41. Kf1 Kf8 42. Ke1 Ke7 43. Kd2 Ra3 44. f4 Kd6 45. Kc2 Kc5 46. Kb2 Re3 47. Bh7 f6 0-1

[Event "DEN-chT XtraCon 2018-19"]
[Site "Denmark"]
[Date "2018.12.09"]
[Round "4"]
[White "Christensen, Tobias"]
[Black "Lindfeldt, Jan Magnus"]
[Result "1-0"]
[ECO "E91"]
[WhiteElo "2347"]
[BlackElo "2263"]
[Annotator "NA"]
[PlyCount "63"]
[EventDate "2018.10.27"]
[EventType "team-tourn"]
[EventCountry "DEN"]
[SourceTitle "playchess.com"]
[Source "ChessBase"]
[SourceQuality "1"]
[TimeControl "40/5400+30:1800+30"]

1. d4 g6 2. c4 Bg7 3. Nc3 d6 4. Nf3 Nf6 5. e4 O-O 6. Be2 Na6 7. O-O e5 8. dxe5 dxe5 9. Qxd8 Rxd8 10. Be3 Ng4 11. Rfd1 Be6 12. Rxd8+ Rxd8 13. Bxa7 b6 14. Ng5 Nf6 15. Nxe6 fxe6 16. a4 Nb4 17. c5 Rd2 18. cxb6 cxb6 19. Bc4 Bf8 20. Bxb6 Rxb2 21. Bxe6+ Kg7 22. a5 Rc2 23. Nd5 Nfxd5 24. Bxd5 Bc5 25. Bxc5 Rxc5 26. f4 exf4 27. a6 Nxd5 28. exd5 Rc8 29. d6 Kf7 30. d7 Ra8 31. Re1 Rd8 32. a7 1-0

[Event "DEN-chT XtraCon 2018-19"]
[Site "Denmark"]
[Date "2018.12.09"]
[Round "4"]
[White "Sahl, Bjarke"]
[Black "Borge, Nikolaj"]
[Result "1/2-1/2"]
[ECO "E97"]
[WhiteElo "2311"]
[BlackElo "2376"]
[Annotator "NA"]
[PlyCount "61"]
[EventDate "2018.10.27"]
[EventType "team-tourn"]
[EventCountry "DEN"]
[SourceTitle "playchess.com"]
[Source "ChessBase"]
[SourceQuality "1"]
[TimeControl "40/5400+30:1800+30"]

1. d4 Nf6 2. c4 g6 3. Nc3 Bg7 4. e4 d6 5. Nf3 O-O 6. Be2 e5 7. O-O Nc6 8. d5 Ne7 9. b4 Nh5 10. Re1 f5 11. c5 Kh8 12. Bc4 h6 13. a4 Ng8 14. Ra3 a5 15. b5 dxc5 16. exf5 Bxf5 17. Ne4 Qe7 18. Rae3 Rae8 19. Bb2 b6 20. d6 cxd6 21. Nxd6 Rd8 22. Nxf5 gxf5 23. Qa1 e4 24. Ne5 Kh7 25. Nc6 Bxb2 26. Qxb2 Qg5 27. Nxd8 Rxd8 28. Qe5 Rd4 29. h4 Qf6 30. Bxg8+ Kxg8 31. Qe8+ 1/2-1/2

[Event "DEN-chT XtraCon 2018-19"]
[Site "Denmark"]
[Date "2018.12.09"]
[Round "4"]
[White "Kristensen, Leif"]
[Black "Hoi, Carsten"]
[Result "1/2-1/2"]
[ECO "B06"]
[WhiteElo "2310"]
[BlackElo "2381"]
[Annotator "NA"]
[PlyCount "48"]
[EventDate "2018.10.27"]
[EventType "team-tourn"]
[EventCountry "DEN"]
[SourceTitle "playchess.com"]
[Source "ChessBase"]
[SourceQuality "1"]
[TimeControl "40/5400+30:1800+30"]

1. e4 g6 2. d4 Bg7 3. Nc3 d6 4. Be3 c6 5. Qd2 b5 6. a3 a6 7. f3 Nd7 8. h4 h5 9. Nh3 Nb6 10. Ng5 Nf6 11. b3 O-O 12. Rd1 Qc7 13. Be2 a5 14. O-O Nh7 15. Nxh7 Kxh7 16. f4 b4 17. Nb1 f5 18. Bf3 fxe4 19. Bxe4 Nd5 20. c4 Nf6 21. Bd3 Bf5 22. axb4 axb4 23. Qxb4 Rfb8 24. Qc3 Ng4 1/2-1/2

[Event "DEN-chT XtraCon 2018-19"]
[Site "Denmark"]
[Date "2018.12.09"]
[Round "4"]
[White "Bank, Pelle"]
[Black "Skytte, Rasmus"]
[Result "1/2-1/2"]
[ECO "A40"]
[WhiteElo "2298"]
[BlackElo "2383"]
[Annotator "ChessBase"]
[PlyCount "79"]
[EventDate "2018.10.27"]
[EventType "team-tourn"]
[EventCountry "DEN"]
[SourceTitle "playchess.com"]
[Source "ChessBase"]
[SourceQuality "1"]
[TimeControl "40/5400+30:1800+30"]

1. d4 e6 2. c3 d5 3. Bf4 Bd6 4. Bg3 Nf6 5. Nd2 O-O 6. e3 b6 7. Ngf3 Bb7 8. Ne5 c5 9. Bd3 Nc6 10. O-O Qc7 11. f4 Ne7 12. Qb1 Ng6 13. Rf3 a5 14. Be1 Ba6 15. Nxg6 fxg6 16. Bxa6 Rxa6 17. Bh4 Ng4 18. Qd3 Raa8 19. h3 Nh6 20. Rff1 Rac8 21. Nf3 Nf5 22. Bf2 Ne7 23. Rad1 c4 24. Qc2 b5 25. h4 Qd7 26. g4 e5 27. Nxe5 Bxe5 28. dxe5 Qxg4+ 29. Kh2 Nf5 30. Rxd5 Nxh4 31. Bxh4 Qxh4+ 32. Kg2 Qg4+ 33. Kf2 g5 34. Rh1 g6 35. Qd1 Qxd1 36. Rhxd1 gxf4 37. exf4 Rxf4+ 38. Kg3 Rcf8 39. Rxb5 h5 40. Rd7 1/2-1/2

[Event "DEN-chT XtraCon 2018-19"]
[Site "Denmark"]
[Date "2018.12.09"]
[Round "4"]
[White "Palm, Nikolaj"]
[Black "Firooznia, Farzam"]
[Result "1/2-1/2"]
[ECO "D10"]
[WhiteElo "2281"]
[BlackElo "2094"]
[Annotator "NA"]
[PlyCount "65"]
[EventDate "2018.10.27"]
[EventType "team-tourn"]
[EventCountry "DEN"]
[SourceTitle "playchess.com"]
[Source "ChessBase"]
[SourceQuality "1"]
[TimeControl "40/5400+30:1800+30"]

1. d4 Nf6 2. Nf3 d5 3. c4 c6 4. cxd5 cxd5 5. Nc3 g6 6. Bf4 Nc6 7. Rc1 Bg7 8. e3 a6 9. Be2 Nh5 10. Bg5 h6 11. Bh4 g5 12. Bg3 Nxg3 13. hxg3 Rb8 14. O-O Bf5 15. Na4 Qd6 16. Nc5 O-O 17. Qd2 Rfc8 18. Nxb7 Rxb7 19. Bxa6 Rcb8 20. Bxb7 Rxb7 21. a3 e5 22. b4 exd4 23. Nxd4 Nxd4 24. exd4 Ra7 25. Rc3 Qb6 26. Rd1 Bg4 27. f3 Bf5 28. g4 Be6 29. Qe3 Rb7 30. g3 Ra7 31. Kg2 Rb7 32. Rd2 Ra7 33. Qd3 1/2-1/2

[Event "DEN-chT XtraCon 2018-19"]
[Site "Denmark"]
[Date "2018.12.09"]
[Round "4"]
[White "Jaksland, Tim"]
[Black "Jacobsen, Mikkel Manosri"]
[Result "1-0"]
[ECO "A49"]
[WhiteElo "2252"]
[BlackElo "2331"]
[Annotator "NA"]
[PlyCount "165"]
[EventDate "2018.10.27"]
[EventType "team-tourn"]
[EventCountry "DEN"]
[SourceTitle "playchess.com"]
[Source "ChessBase"]
[SourceQuality "1"]
[TimeControl "40/5400+30:1800+30"]

1. Nf3 g6 2. d4 Nf6 3. g3 Bg7 4. Bg2 c5 5. c3 Qc7 6. O-O b6 7. Ne5 Bb7 8. Qb3 O-O 9. Bxb7 Qxb7 10. dxc5 Qe4 11. cxb6 axb6 12. Nc4 Qxe2 13. Nba3 Nc6 14. Qd1 Qe6 15. Re1 Qh3 16. f3 d5 17. Nxb6 Rad8 18. Qa4 Rd6 19. Nb5 Re6 20. Bf4 g5 21. Rxe6 fxe6 22. Nc7 gxf4 23. Qxc6 Rb8 24. Na4 e5 25. Qe6+ Qxe6 26. Nxe6 Bh6 27. gxf4 Bxf4 28. Re1 Kf7 29. Nxf4 exf4 30. b3 Ra8 31. Re2 Nd7 32. Rd2 Ra5 33. Kf2 e5 34. Rd1 Nf6 35. Rg1 Ra8 36. Rg5 Nd7 37. Ke2 Kf6 38. Rg1 e4 39. Rg4 h5 40. Rxf4+ Ke5 41. Rf7 Nf6 42. Rg7 Rf8 43. fxe4 Nxe4 44. Ke3 Rf1 45. Rg2 h4 46. b4 h3 47. Rb2 Nd6 48. Nb6 Nf5+ 49. Kd3 Rf3+ 50. Kc2 d4 51. cxd4+ Nxd4+ 52. Kd1 Rf1+ 53. Kd2 Ke4 54. Nc4 Rh1 55. Nd6+ Kd5 56. Kd3 Rd1+ 57. Rd2 Rf1 58. Nc4 Rb1 59. Ne3+ Ke5 60. Ng4+ Kd5 61. Kc3 Rc1+ 62. Kb2 Re1 63. Nf2 Re3 64. Ng4 Re6 65. Kc3 Rc6+ 66. Kd3 Nf3 67. Rf2 Ne1+ 68. Ke2 Ng2 69. Ne3+ Ke4 70. Nxg2 hxg2 71. Rxg2 Rc2+ 72. Kf1 Rc1+ 73. Kf2 Kf4 74. h3 Rc2+ 75. Kg1 Rc1+ 76. Kh2 Rb1 77. a3 Ra1 78. Rb2 Rxa3 79. b5 Ra7 80. b6 Rb7 81. Rb4+ Kg5 82. Kg3 Kh5 83. Kf4 1-0